 Dungeon Sprint DCSS version 0.16-a0-3596-g438c78e (webtiles) character file.

24682 BluebellGnoll the Sorcerer (level 13, -6/71 HPs)
             Began as an Octopode Fire Elementalist on Jan 12, 2015.
             Was the Champion of Vehumet.
             Mangled by a shadow (19 damage)
             ... in the Dungeon (Sprint V: "Ziggurat Sprint").
             The game lasted 00:53:09 (2056 turns).

BluebellGnoll the Sorcerer (OpFE)                   Turns: 2056, Time: 00:53:09

Health: -6/71      AC:  9    Str:  7    XL:     13   Next: 14%
Magic:  7/48       EV: 22    Int: 35    God:    Vehumet [******]
Gold:   0          SH: 28    Dex: 24    Spells: 12 memorised, 2 levels left

rFire  . . .     SeeInvis .     N - staff of energy
rCold  . . .     Clarity  .     J - +18 shield of the gong {rElec rN+ MR+ EV-5}
rNeg   + . .     SustAb   .     (helmet restricted)
rPois  +         Gourm    .     (no amulet)
rElec  +         Spirit   .     m - +6 ring of dexterity
rCorr  .         Warding  .     n - +6 ring of dexterity
rMut   .         NoTele   +     o - +6 ring of intelligence
MR     +....                    p - +6 ring of intelligence
Stlth  ++++......               R - ring of poison resistance
                                U - ring of magical power
                                O - ring of Shaolin {EV+8}
                                Y - ring of Robustness {AC+8}

@: very slightly contaminated, somewhat resistant to hostile enchantments,
stealthy
A: almost no armour, amphibious, 8 rings, constrict 8, camouflage 1, gelatinous
body 1
a: Renounce Religion


You were in the Dungeon.
You worshipped Vehumet.
Vehumet was exalted by your worship.
You were very hungry.

You visited 1 branch

Inventory:

Hand weapons
 v - the +1 trident "Lorem Ipsum" {venom, +Rage rF+ rC+}
   (You took it off a wight in the Dungeon)

   It poisons the flesh of those it strikes.
   It protects you from fire.
   It protects you from cold.
   It lets you go berserk.
 K - the +6 rapier "Festec" {pierce, rElec rC+ MR- Int+4}
   (You found it in the Dungeon)

   It inflicts extra damage upon your enemies.
   It affects your intelligence (+4).
   It protects you from cold.
   It insulates you from electricity.
   It affects your resistance to hostile enchantments.
 L - a +5 broad axe of chaos
Armour
 J - the +18 shield of the gong (worn) {rElec rN+ MR+ EV-5}
   (You found it in the Dungeon)

   It affects your evasion (-5).
   It insulates you from electricity.
   It protects you from negative energy.
   It affects your resistance to hostile enchantments.
Magical staves
 N - an uncursed staff of energy (weapon)
Rods
 q - a +3 iron rod (6/11)
   (You found it in the Dungeon)
 P - a +9 rod of clouds (7/16)
   (You took it off a vault guard in the Dungeon)
Jewellery
 m - a +6 ring of dexterity (left tentacle)
 n - a +6 ring of dexterity (right tentacle)
 o - a +6 ring of intelligence (on tentacle)
 p - a +6 ring of intelligence (on tentacle)
 I - an uncursed ring of protection from cold
 O - the ring of Shaolin (on tentacle) {EV+8}
   (You found it in the Dungeon)

   [ring of evasion]

   It affects your evasion (+8).
 Q - an uncursed ring of protection from fire
 R - a ring of poison resistance (on tentacle)
 U - a ring of magical power (on tentacle)
 V - the amulet "Struasso" {Clar *Tele rPois MP+5 Int-4}
   (You found it in the Dungeon)

   [amulet of clarity]

   It provides mental clarity.
   It affects your intelligence (-4).
   It protects you from poison.
   It affects your magic capacity (+5).
   It causes random teleportation.
 Y - the ring of Robustness (on tentacle) {AC+8}
   (You took it off a vault guard in the Dungeon)

   [ring of protection]

   It affects your AC (+8).
Magical devices
 a - a wand of disintegration (4)
 j - a wand of fire (0)
 k - a wand of cold (0)
 l - a wand of draining (5)
 X - a wand of hasting (4)
Scrolls
 i - 3 scrolls of blinking
 u - 4 scrolls of amnesia
 w - 7 scrolls of fog
 x - a scroll of holy word
 y - 5 scrolls of identify
 z - 5 scrolls of remove curse
 A - 2 scrolls of fear
Potions
 d - 9 potions of curing
 f - 4 potions of haste
 g - 6 potions of magic
 h - 3 potions of berserk rage
 B - 2 potions of brilliance
 C - 2 potions of invisibility
 D - 2 potions of restore abilities
 E - 4 potions of resistance
 G - 3 potions of agility
 H - 3 potions of might
Books
 b - a book of Hinderance

   Spells                             Type                      Level
   a - Confusing Touch                Hexes                        2
   b - Confuse                        Hexes                        3
   c - Petrify                        Transmutation/Earth          4
   d - Metabolic Englaciation         Hexes/Ice                    5
   e - Summon Mana Viper              Hexes/Summoning              5
   f - Gell's Gravitas                Hexes/Translocation          6
 r - a book of Necromancy

   Spells                             Type                      Level
   a - Pain                           Necromancy                   1
   b - Animate Skeleton               Necromancy                   1
   c - Vampiric Draining              Necromancy                   3
   d - Regeneration                   Charms/Necromancy            3
   e - Animate Dead                   Necromancy                   4
   f - Control Undead                 Necromancy                   4
Miscellaneous
 F - a plain deck of war {drawn: 6}
 M - an ornate deck of wonders {drawn: 2}
 S - a sack of spiders
 T - a lantern of shadows
 W - 2 phantom mirrors
 Z - a box of beasts
Comestibles
 c - 5 bread rations
 s - 39 fruits
 t - 4 meat rations


   Skills:
 - Level 7.8 Dodging
 - Level 2.6 Stealth
 - Level 7.3 Shields
 + Level 21.4 Spellcasting
 * Level 10.4 Conjurations
 - Level 11.4 Hexes
 - Level 3.0 Fire Magic
 - Level 13.3 Ice Magic


You had 2 spell levels left.
You knew the following spells:

 Your Spells              Type           Power        Failure   Level  Hunger
a - Flame Tongue          Conj/Fire      #####        1%          1    None
b - Throw Flame           Conj/Fire      ######       1%          2    None
c - Mass Confusion        Hex            #######...   1%          6    None
d - Regeneration          Chrm/Necr      #####.....   6%          3    None
e - Sticky Flame          Conj/Fire      ######..     1%          4    None
f - Fireball              Conj/Fire      ######....   1%          5    None
g - Mephitic Cloud        Conj/Pois/Air  ######..     1%          3    None
h - Bolt of Cold          Conj/Ice       #######...   1%          6    None
i - Iskenderun's Battles  Conj/Chrm      ######..     1%          5    None
j - Summon Mana Viper     Hex/Summ       ######..     4%          5    None
k - Iron Shot             Conj/Erth      ######....   8%          6    None
l - Freezing Cloud        Conj/Ice/Air   #######...   3%          6    None


Dungeon Overview and Level Annotations

Branches:
Dungeon (1/1)

Altars:
Ashenzari
Cheibriados
Dithmenos
Elyvilon
Fedhas
Gozag
Kikubaaqudgha
Makhleb
Nemelex Xobeh
Okawaru
Qazlal
Ru
Sif Muna
Trog
Vehumet
Xom
Yredelemnul
Zin
The Shining One
Beogh
Jiyva
Lugonu


Innate Abilities, Weirdness & Mutations

You cannot wear most types of armour.
You are amphibious.
You can wear up to eight rings at the same time.
You can use your tentacles to constrict many enemies at once.
Your skin changes colour to match your surroundings (Stealth).
Your rubbery body absorbs attacks (AC +1).


Message History

You block the shadow's attack.
BOUMMMMG!
You block the shadow's attack.
GONNNNG!
The shadow slips into darkness.
The shadow flickers and vanishes!
Deactivating autopickup; reactivate with Ctrl-A.
Wield which item (- for none, * to show all)? (? for menu, Esc to quit)
Okay, then.
You feel your bond with your battlesphere wane.
The shadow strikes at you from the darkness!
BOUMMMMG!
Drink which item? (? for menu, Esc to quit)
Okay, then.
Read which item? (? for menu, Esc to quit)
A powerful magic prevents control of your teleportation.
You blink.
As you read the scroll of blinking, it crumbles to dust.
The shadow strikes at you from the darkness!
You die...

▓..[). ▓...".
▓▓▓▓▓▓▓▓▓▓▓ ▓.....
▓....8©8....▓.....
▓..}:}:}="..▓.....
▓§..\!)}})..▓.....
▓..z..§§§§..▓▓▓▓▓▓
▓....§.§.§..▓...8©
▓@..§§.§§§..▓..[))
▓...........▓...=.
▓...........▓.....
▓...........▓.....
▓....)......▓.....
▓...........▓.....
▓▓▓▓▓▓▓▓▓▓▓▓▓.▓...
▓....8©8....▓.....
▓..})))*=[..▓▓▓▓▓▓


You could see a wight.

Vanquished Creatures
  A shadow dragon (D)
  A frost giant (D)
  A vault warden (D)
  A stone giant (D)
  A blizzard demon (D)
  A yaktaur captain (D)
  8 vault guards (D)
  A sun demon (D)
  A hell knight (D)
  A skeletal warrior (D)
  An ice devil (D)
  2 cyclopes (D)
  A griffon (D)
  A sixfirhy (D)
  2 rust devils (D)
  4 yaktaurs (D)
  3 naga magi (D)
  A hellion (D)
  2 tormentors (D)
  A red devil (D)
  2 freezing wraiths (D)
  2 polar bears (D)
  6 slime creatures (D)
  A wraith (D)
  2 shadows (D)
  A flying skull (D)
  2 golden eyes (D)
  A naga (D)
  A small abomination (D)
  A chaos spawn (D)
  2 water moccasins (D)
  2 hell hounds (D)
  An eye of draining (D)
  3 ice beasts (D)
  A phantom (D)
  3 centaurs (D)
  3 wights (D)
  3 crimson imps (D)
  A jelly (D)
  2 quasits (D)
  A shadow imp (D)
  3 white imps (D)
  A giant eyeball (D)
  2 ufetubi (D)
  An adder zombie (D)
  An ooze (D)
  A bat skeleton (D)
  A ball python zombie (D)
  A giant gecko zombie (D)
  2 quokka skeletons (D)
  2 quokka zombies (D)
91 creatures vanquished.

Vanquished Creatures (collateral kills)
  A vault guard (D)
  A deep troll (D)
  A phantom (D)
  A wight (D)
  A bat zombie (D)
  A ball python skeleton (D)
6 creatures vanquished.

Vanquished Creatures (others)
  A player illusion (D)
  A yaktaur (D)
  12 spiders (D)
  An iron imp (D)
  A giant mite (D)
16 creatures vanquished.

Grand Total: 113 creatures vanquished

Notes
Turn   | Place    | Note
--------------------------------------------------------------
     0 | D        | BluebellGnoll, the Octopode Fire Elementalist, began the quest for the Orb.
     0 | D        | Reached XP level 1. HP: 11/11 MP: 3/3
     0 | D        | Found a viscous altar of Jiyva.
     0 | D        | Found a corrupted altar of Lugonu.
     0 | D        | Found a white marble altar of Elyvilon.
     2 | D        | Found a sparkling altar of Nemelex Xobeh.
     2 | D        | Found a burning altar of Makhleb.
     3 | D        | Found a deep blue altar of Sif Muna.
     3 | D        | Found a bloodstained altar of Trog.
     6 | D        | Found an iron altar of Okawaru.
    15 | D        | Found a radiant altar of Vehumet.
    17 | D        | Found a basalt altar of Yredelemnul.
    26 | D        | Found a shimmering altar of Xom.
    50 | D        | Became a worshipper of Vehumet
    64 | D        | Reached skill level 7 in Shields
    64 | D        | Reached XP level 2. HP: 17/17 MP: 4/4
    68 | D        | Learned a level 2 spell: Throw Flame
    69 | D        | Entered arena 1.
    94 | D        | Entered arena 2.
    94 | D        | Noticed a phantom
    98 | D        | Acquired Vehumet's first power
    98 | D        | Offered knowledge of Freeze by Vehumet.
    99 | D        | Killed a phantom
    99 | D        | Reached XP level 3. HP: 21/21 MP: 1/8
    99 | D        | Reached XP level 4. HP: 27/27 MP: 1/10
   112 | D        | Learned a level 4 spell: Sticky Flame
   173 | D        | Entered arena 3.
   173 | D        | Noticed a crimson imp
   173 | D        | Noticed a crimson imp
   173 | D        | Noticed a small abomination
   173 | D        | Noticed a quasit
   178 | D        | Killed a quasit
   186 | D        | Killed a small abomination
   186 | D        | Reached XP level 5. HP: 31/31 MP: 0/18
   192 | D        | Killed a crimson imp
   192 | D        | Reached XP level 6. HP: 36/36 MP: 1/20
   198 | D        | Killed a crimson imp
   198 | D        | Acquired Vehumet's second power
   219 | D        | Learned a level 5 spell: Fireball
   226 | D        | Learned a level 6 spell: Bolt of Cold
   304 | D        | Entered arena 4.
   304 | D        | Noticed a hell hound
   305 | D        | Offered knowledge of Searing Ray by Vehumet.
   309 | D        | Killed a hell hound
   309 | D        | Acquired Vehumet's third power
   309 | D        | Reached skill level 8 in Spellcasting
   314 | D        | Got the amulet of Bliram {Inacc Stlth+}
   322 | D        | Got the +5 shortbow of Xiurace {freeze, rPois HP+5}
   459 | D        | Entered arena 5.
   459 | D        | Noticed a jelly
   459 | D        | Noticed a slime creature
   459 | D        | Noticed a golden eye
   459 | D        | Noticed a slime creature
   462 | D        | Killed a jelly
   462 | D        | Killed a golden eye
   462 | D        | Reached skill level 9 in Spellcasting
   462 | D        | Reached skill level 5 in Ice Magic
   462 | D        | Reached XP level 7. HP: 41/41 MP: 16/24
   480 | D        | Killed a slime creature
   480 | D        | Offered knowledge of Mephitic Cloud by Vehumet.
   480 | D        | Reached skill level 10 in Spellcasting
   481 | D        | Killed a slime creature
   481 | D        | Reached XP level 8. HP: 46/46 MP: 12/27
   494 | D        | Learned a level 3 spell: Mephitic Cloud
   656 | D        | Entered arena 6.
   656 | D        | Noticed a vault guard
   656 | D        | Noticed a deep troll
   656 | D        | Noticed a vault guard
   656 | D        | Noticed a yaktaur
   656 | D        | Noticed a griffon
   656 | D        | Noticed a vault warden
   660 | D        | Killed a vault guard
   660 | D        | Offered knowledge of Fulminant Prism by Vehumet.
   660 | D        | Reached skill level 12 in Spellcasting
   660 | D        | Reached XP level 9. HP: 51/51 MP: 8/29
   660 | D        | Killed a yaktaur
   660 | D        | Reached skill level 10 in Ice Magic
   660 | D        | Killed a griffon
   660 | D        | Reached skill level 13 in Spellcasting
   664 | D        | Killed a deep troll
   667 | D        | Your ally BluebellGnoll died
   669 | D        | Killed a vault warden
   669 | D        | Reached skill level 14 in Spellcasting
   669 | D        | Reached XP level 10. HP: 13/56 MP: 18/32
   670 | D        | Killed a vault guard
   670 | D        | Reached skill level 15 in Spellcasting
   884 | D        | Learned a level 6 spell: Freezing Cloud
   887 | D        | Entered arena 7.
   887 | D        | Noticed a naga
   887 | D        | Noticed a naga mage
   887 | D        | Noticed a naga mage
   887 | D        | Noticed a naga mage
   887 | D        | Noticed a water moccasin
   887 | D        | Noticed a water moccasin
   890 | D        | Killed a water moccasin
   890 | D        | Offered knowledge of Ignite Poison by Vehumet.
   891 | D        | Killed a water moccasin
   892 | D        | Killed a naga mage
   892 | D        | Reached skill level 5 in Dodging
   892 | D        | Killed a naga mage
   893 | D        | Killed a naga mage
   893 | D        | Killed a naga
   924 | D        | Learned a level 6 spell: Mass Confusion
   945 | D        | Entered arena 8.
   945 | D        | Noticed an eye of draining
   945 | D        | Noticed a slime creature
   945 | D        | Noticed a golden eye
   945 | D        | Noticed a slime creature
   945 | D        | Noticed a slime creature
   945 | D        | Noticed a slime creature
   947 | D        | Killed a slime creature
   947 | D        | Killed a golden eye
   948 | D        | Killed a slime creature
   949 | D        | Killed a slime creature
   949 | D        | Reached skill level 5 in Hexes
   949 | D        | Killed a slime creature
   949 | D        | Reached XP level 11. HP: 61/61 MP: 14/33
   954 | D        | Killed an eye of draining
  1100 | D        | Entered arena 9.
  1100 | D        | Noticed a centaur
  1100 | D        | Noticed a cyclops
  1100 | D        | Noticed a centaur
  1100 | D        | Noticed a cyclops
  1100 | D        | Noticed a yaktaur captain
  1100 | D        | Noticed a yaktaur
  1100 | D        | Noticed a yaktaur
  1100 | D        | Noticed a centaur
  1101 | D        | Identified the +6 scythe of the Spheres {drain, Noisy +Rage MR++}
  1103 | D        | Killed a centaur
  1103 | D        | Offered knowledge of Iskenderun's Battlesphere by Vehumet.
  1103 | D        | Killed a centaur
  1103 | D        | Killed a centaur
  1104 | D        | Killed a yaktaur
  1104 | D        | Killed a yaktaur
  1104 | D        | Killed a cyclops
  1105 | D        | Killed a cyclops
  1105 | D        | Reached skill level 10 in Hexes
  1109 | D        | Killed a yaktaur captain
  1121 | D        | Got the cursed ring "Mofoidaz" {+Rage +Fly MR+ AC-2}
  1132 | D        | Identified the Volume of Flying Displacement (You found it in the Dungeon)
  1210 | D        | Learned a level 5 spell: Iskenderun's Battlesphere
  1211 | D        | Entered arena 10.
  1211 | D        | Noticed a chaos spawn
  1211 | D        | Noticed an iron imp
  1211 | D        | Noticed a rust devil
  1211 | D        | Noticed a quasit
  1211 | D        | Noticed a crimson imp
  1211 | D        | Noticed a sixfirhy
  1211 | D        | Noticed a sun demon
  1212 | D        | Banished an iron imp
  1214 | D        | Killed a sixfirhy
  1214 | D        | Offered knowledge of Bolt of Draining by Vehumet.
  1214 | D        | Killed a chaos spawn
  1218 | D        | Killed a sun demon
  1226 | D        | Killed a rust devil
  1226 | D        | Reached skill level 16 in Spellcasting
  1229 | D        | Killed a quasit
  1229 | D        | Killed a crimson imp
  1364 | D        | Got the amulet "Struasso" {Clar *Tele rPois MP+5 Int-4}
  1370 | D        | Entered arena 11.
  1370 | D        | Noticed a stone giant
  1370 | D        | Noticed a shadow dragon
  1370 | D        | Noticed a vault guard
  1370 | D        | Noticed a vault guard
  1370 | D        | Noticed a vault guard
  1370 | D        | Noticed a yaktaur
  1370 | D        | Noticed a vault guard
  1370 | D        | Noticed a vault guard
  1374 | D        | Noticed a vault guard
  1375 | D        | Noticed a vault guard
  1375 | D        | Killed a yaktaur
  1375 | D        | Offered knowledge of Iron Shot by Vehumet.
  1375 | D        | Killed a stone giant
  1377 | D        | Killed a vault guard
  1377 | D        | Reached skill level 17 in Spellcasting
  1378 | D        | Killed a vault guard
  1378 | D        | Killed a vault guard
  1378 | D        | Reached skill level 18 in Spellcasting
  1378 | D        | Reached XP level 12. HP: 25/66 MP: 22/36
  1378 | D        | Killed a vault guard
  1380 | D        | Killed a vault guard
  1389 | D        | HP: 3/66 [shadow dragon/bolt of negative energy (25)]
  1393 | D        | Killed a vault guard
  1393 | D        | Reached skill level 19 in Spellcasting
  1421 | D        | Killed a vault guard
  1438 | D        | Drew Focus: Int increased to 23, Str decreased to 7
  1459 | D        | Killed a shadow dragon
  1501 | D        | Learned a level 6 spell: Iron Shot
  1749 | D        | Entered arena 12.
  1749 | D        | Noticed a freezing wraith
  1749 | D        | Noticed a frost giant
  1749 | D        | Noticed a polar bear
  1749 | D        | Noticed a freezing wraith
  1749 | D        | Noticed an ice beast
  1749 | D        | Noticed an ice beast
  1749 | D        | Noticed a polar bear
  1749 | D        | Noticed an ice devil
  1750 | D        | Noticed an ice beast
  1750 | D        | Noticed a blizzard demon
  1750 | D        | Identified a +9 rod of clouds (16/16) (You took it off a vault guard in the Dungeon)
  1751 | D        | Killed an ice beast
  1751 | D        | Offered knowledge of Poison Arrow by Vehumet.
  1752 | D        | Killed an ice beast
  1753 | D        | Killed an ice devil
  1753 | D        | Killed a freezing wraith
  1753 | D        | Reached skill level 20 in Spellcasting
  1753 | D        | Killed a polar bear
  1755 | D        | Killed an ice beast
  1756 | D        | Killed a blizzard demon
  1757 | D        | Killed a freezing wraith
  1760 | D        | Killed a frost giant
  1764 | D        | Killed a polar bear
  1793 | D        | Learned a level 5 spell: Summon Mana Viper
  1802 | D        | Learned a level 3 spell: Regeneration
  1809 | D        | Got the +6 rapier "Festec" {pierce, rElec rC+ MR- Int+4}
  1905 | D        | Entered arena 13.
  1905 | D        | Noticed a wight
  1905 | D        | Noticed a wight
  1906 | D        | Noticed a phantom
  1913 | D        | Noticed a wight
  1913 | D        | Killed a wight
  1913 | D        | Killed a phantom
  1915 | D        | Noticed a wight
  1915 | D        | Noticed a hell knight
  1915 | D        | Noticed a red devil
  1916 | D        | Noticed a shadow
  1916 | D        | Noticed a wraith
  1916 | D        | Killed a wight
  1916 | D        | Offered knowledge of Delayed Fireball by Vehumet.
  1916 | D        | Killed a wight
  1918 | D        | Killed a red devil
  1922 | D        | Killed a hell knight
  1926 | D        | Killed a shadow
  1926 | D        | Reached XP level 13. HP: 71/71 MP: 18/39
  1928 | D        | Killed a wraith
  1928 | D        | Reached skill level 21 in Spellcasting
  1929 | D        | Killed a wight
  2006 | D        | Got the +1 trident "Lorem Ipsum" {venom, +Rage rF+ rC+}
  2024 | D        | Entered arena 14.
  2024 | D        | Noticed a wight
  2024 | D        | Noticed a shadow
  2025 | D        | Noticed a tormentor
  2026 | D        | Noticed a skeletal warrior
  2026 | D        | Noticed a hellion
  2026 | D        | Noticed a shadow
  2027 | D        | Noticed a flying skull
  2027 | D        | Noticed a hell hound
  2028 | D        | Noticed a tormentor
  2028 | D        | Noticed a rust devil
  2028 | D        | Killed a hell hound
  2028 | D        | Killed a hellion
  2031 | D        | Killed a tormentor
  2038 | D        | Killed a shadow
  2039 | D        | Killed a skeletal warrior
  2039 | D        | Reached skill level 10 in Conjurations
  2041 | D        | Killed a rust devil
  2042 | D        | Killed a tormentor
  2043 | D        | Killed a flying skull
  2056 | D        | Mangled by a shadow

Action                   |  1- 3 |  4- 6 |  7- 9 | 10-12 | 13-15 || total
-------------------------+-------+-------+-------+-------+-------++-------
Melee: Unarmed           |       |    10 |       |       |       ||    10
       Staff             |       |       |       |     3 |       ||     3
       Broad axe         |       |       |       |     4 |       ||     4
 Cast: Flame Tongue      |     3 |     3 |     2 |     4 |       ||    12
       Sticky Flame      |       |     2 |     2 |     6 |       ||    10
       Fireball          |       |     2 |     7 |    21 |       ||    30
       Bolt of Cold      |       |       |     1 |    18 |       ||    19
       Freezing Cloud    |       |       |       |    10 |     2 ||    12
       Mass Confusion    |       |       |       |     3 |     1 ||     4
       Throw Flame       |       |       |       |     1 |       ||     1
       Mephitic Cloud    |       |       |       |     1 |       ||     1
       Summon Mana Viper |       |       |       |     1 |       ||     1
       Iron Shot         |       |       |       |       |     8 ||     8
       Regeneration      |       |       |       |       |     1 ||     1
       Iskenderun's Batt |       |       |       |       |     1 ||     1
Evoke: Deck              |     1 |     3 |     2 |     6 |       ||    12
       Wand              |     1 |     4 |     1 |     7 |       ||    13
       Staff of energy   |       |       |       |    24 |     7 ||    31
       Sack of spiders   |       |       |       |     8 |       ||     8
       Rod               |       |       |       |     1 |     3 ||     4
  Use: Potion            |     1 |     3 |     2 |    11 |     2 ||    19
       Scroll            |       |       |     1 |     5 |     1 ||     7
 Stab: Confused          |       |       |       |     1 |       ||     1
  Eat: Fruit             |       |       |       |     2 |     1 ||     3
       Chunk             |       |       |       |     4 |     1 ||     5
